 Dungeon Crawl Stone Soup version 0.19-a0-1254-gb9c29c0 (webtiles) character file.

697 epen the Insei (level 7, -1/56 HPs)
             Began as a Merfolk Monk on Aug 27, 2016.
             Killed from afar by Dowan (5 damage)
             ... with a stone arrow
             ... on level 5 of the Dungeon.
             The game lasted 00:06:17 (4257 turns).

epen the Insei (Merfolk Monk)                       Turns: 4257, Time: 00:06:18

Health: -1/56      AC:  6    Str: 12    XL:     7   Next: 65%
Magic:  7/7        EV: 24    Int:  9    God:
Gold:   168        SH:  0    Dex: 23    Spells: 0 memorised, 6 levels left

rFire  . . .     SeeInvis .       - Unarmed
rCold  . . .     Gourm    .     a - +0 robe
rNeg   . . .     Faith    .     (no shield)
rPois  .         Spirit   .     l - +0 helmet
rElec  .         Dismiss  .     A - +1 cloak
rCorr  .         Reflect  .     z - +0 pair of gloves
MR     .....     Harm     .     (no boots)
Stlth  ++++......               (no amulet)
                                (no ring)
                                f - +1 ring of evasion

@: agile
A: change form in water, swift swim, stealthy swim
a: no special abilities


You were on level 5 of the Dungeon.
You were hungry.

You visited 1 branch of the dungeon, and saw 5 of its levels.

You collected 168 gold pieces.

Inventory:

Missiles
 q - a throwing net (quivered)
Armour
 a - a +0 robe (worn)
 l - a +0 helmet (worn)
 z - a +0 pair of gloves (worn)
 A - a +1 cloak (worn)
Jewellery
 f - a +1 ring of evasion (left hand)
Wands
 y - a wand of polymorph (24/24)
Scrolls
 d - 2 scrolls of amnesia
 h - 2 scrolls of magic mapping
 i - 2 scrolls of recharging
 k - a scroll of identify
 m - 2 scrolls of remove curse
 u - a scroll of fog
 x - 2 scrolls of enchant weapon
Potions
 c - 2 potions of ambrosia
 e - 2 potions of resistance
 g - a potion of lignification
 r - 2 potions of haste
Comestibles
 b - 6 bread rations
 j - 3 fruits
 n - a slice of pizza


   Skills:
 + Level 5.6 Fighting
 + Level 6.6 Dodging
 - Level 2.1 Stealth
 * Level 7.0 Unarmed Combat


You had 6 spell levels left.
You didn't know any spells.

Dungeon Overview and Level Annotations

Branches:
Dungeon (5/15)
 Temple: D:4-7

Altars:
The Shining One

Annotations:
D:5 Dowan


Message History

The adder skeleton bites you but does no damage.
You punch the adder skeleton!
You destroy the adder skeleton!
Dowan points at you and mumbles some strange words.
The shard of ice hits you!
* * * LOW HITPOINT WARNING * * *
You are too injured to fight recklessly!
Dowan gestures wildly while chanting.
Dowan blinks!
Dowan casts a spell.
Dowan blinks!
You see here a short sword.
It was a potion of magic.
Magic courses through your body. Dowan casts a spell at you.
The stone arrow misses you.
It was a potion of agility.
You feel agile all of a sudden.
Dowan points at you and mumbles some strange words.
The stone arrow hits you!
You die...

#.........#
#.#
#.###.#.###
#.## ###.#.#
#..# #...#.#
##.###
#...#.# #....
#...# #.... .
##.## #....
....######.#
#.<..
....e..@ยง..#
#....
....########
#.... . #....
####. . . .


You could see Dowan.

Vanquished Creatures
  The ghost of epen the Poker, an amateur MfMo (D:4)
  Duvessa (D:5)
  An ogre (D:4)
  A scorpion (D:4)
  The ghost of epen the Poker, a weakling MfMo (D:3)
  An iguana (D:4)
  4 gnolls
  5 adders
  A shadow imp (D:3)
  A white imp (D:4)
  An ooze (D:3)
  An adder skeleton (D:5)
  A dart slug (D:1)
  7 giant geckos
  An orc (D:3)
  9 bats
  3 giant cockroaches
  8 goblins
  9 hobgoblins
  4 jackals (D:2)
  5 kobolds
  A quokka (D:2)
  2 giant newts
  2 goblin skeletons (D:4)
  2 goblin zombies (D:4)
  A hobgoblin zombie (D:4)
  A jackal skeleton (D:4)
  An orc skeleton (D:4)
  9 rats
85 creatures vanquished.

Notes
Turn   | Place    | Note
-------+----------+-------------------------------------------
     0 | D:1      | epen the Merfolk Monk began the quest for the Orb.
     0 | D:1      | Reached XP level 1. HP: 18/18 MP: 1/1
   103 | D:1      | Reached XP level 2. HP: 16/24 MP: 2/2
   262 | D:1      | HP: 1/24 [hobgoblin/club (4)]
   668 | D:1      | Reached XP level 3. HP: 24/30 MP: 3/3
   801 | D:1      | Reached skill level 4 in Unarmed Combat
  1490 | D:2      | Reached XP level 4. HP: 23/37 MP: 4/4
  2468 | D:3      | Reached XP level 5. HP: 42/42 MP: 5/5
  2469 | D:3      | Reached skill level 5 in Dodging
  2599 | D:3      | Reached skill level 5 in Unarmed Combat
  2742 | D:3      | Noticed epen's ghost (weakling MfMo)
  2783 | D:3      | Killed epen's ghost
  3130 | D:4      | Found a glowing golden altar of the Shining One.
  3202 | D:4      | Noticed epen's ghost (amateur MfMo)
  3236 | D:4      | Reached XP level 6. HP: 50/50 MP: 6/6
  3865 | D:4      | Killed epen's ghost
  3865 | D:4      | Reached skill level 5 in Fighting
  3865 | D:4      | Reached skill level 6 in Unarmed Combat
  3865 | D:4      | Reached XP level 7. HP: 20/56 MP: 7/7
  4167 | D:5      | Entered Level 5 of the Dungeon
  4218 | D:5      | Noticed Duvessa
  4219 | D:5      | Noticed Dowan
  4239 | D:5      | Killed Duvessa
  4239 | D:5      | Reached skill level 7 in Unarmed Combat
  4257 | D:5      | Killed from afar by Dowan

Vault maps used:
D:1:      dpeg_arrival_stone_temple_mockup, minmay_misc_feat_columns,
          minmay_bisected
D:2:      kennysheep_six_static_rooms
D:3:      minmay_misc_feat_pillars, kennysheep_generic_room_6
D:4:      first_bread, nicolae_tso_besieged_by_evil
D:5:      uniq_blork_the_orc, uniq_duvessa

Skill      XL: |  1  2  3  4  5  6  7 |
---------------+----------------------+-----
Unarmed Combat | 4 5 6 7 |  7.0
Fighting       | 4 5 |  5.6
Dodging        | 5 6 |  6.6
Stealth        | |  2.1

Action                   |  1- 3 |  4- 6 |  7- 9 || total
-------------------------+-------+-------+-------++-------
Melee: Unarmed           |   111 |   259 |    49 ||   419
       Punch             |     3 |    11 |     2 ||    16
  Use: Scroll            |       |    15 |       ||    15
       Potion            |       |       |     2 ||     2
 Stab: Sleeping          |     9 |     8 |       ||    17
       Distracted        |       |     1 |       ||     1
  Eat: Chunk             |     1 |     4 |     1 ||     6
       Bread ration      |       |     1 |       ||     1
Armor: Robe              |    17 |    37 |     6 ||    60
Dodge: Dodged            |    83 |   189 |    34 ||   306
